 Dungeon Crawl Stone Soup version bcrawl-1.12.2 (webtiles) character file.

Game seed: 9888064803371476393

130 MisterOstroum the Slasher (level 5, 0/32 HPs)
             Began as an Avariel Archaeologist on July 18, 2019.
             Slain by Sigmund
             ... wielding a +0 scythe
              (1 damage)
             ... on level 3 of the Dungeon.
             The game lasted 00:06:46 (4010 turns).

MisterOstroum the Slasher (Avariel Archaeologist)   Turns: 4010, Time: 00:06:46

Health: 0/32       AC: 12    Str:  9 (10) XL:     5   Next: 14%
Magic:  7/7        EV:  4    Int: 18 (20) God:
Gold:   177        SH:  2    Dex:  9 (11) Spells: 4/4 levels left

rFire    . . .     SeeInvis .   y - +3 dagger (flame)
rCold    . . .     Gourm    .   v - +0 buckler
rNeg     . . .     Faith    .   k - +0 chain mail
rPois    .         Spirit   .   a - +1 helmet
rElec    .         Reflect  .   (no cloak)
rCorr    .         Harm     .   (no gloves)
MR       .....                  d - +1 pair of boots
Stlth    ..........             (no amulet)
HPRegen  0.10/turn              (no ring)
MPRegen  0.10/turn              (no ring)

@: flying quickly and evasively, hasted, studying Long Blades, very quick
A: no striking features
a: no special abilities


You were on level 3 of the Dungeon.
You were not hungry.

You visited 1 branch of the dungeon, and saw 4 of its levels.

You collected 177 gold pieces.

Inventory:

Hand Weapons
 r - a +0 falchion
 y - a +3 dagger of flaming (weapon)
Missiles
 m - 746 stones (quivered)
Armour
 a - a +1 helmet (worn)
 d - a +1 pair of boots (worn)
 k - a +0 chain mail (worn)
 v - a +0 buckler (worn)
Jewellery
 l - an uncursed ring of fire {unknown}
 q - an uncursed ring of protection from magic {unknown}
 t - an uncursed amulet of faith
 x - an uncursed ring of see invisible {unknown}
Scrolls
 o - a scroll of identify {@r1}
 s - 2 scrolls of immolation {unknown}
 w - 3 scrolls of teleportation
Potions
 p - 3 potions of berserk rage
Books
 g - a manual of Long Blades
Miscellaneous
 f - an ancient crate
Comestibles
 e - 9 rations {!d}


   Skills:
 + Level 3.6 Fighting
 + Level 4.0 Long Blades
   Level 0.7 Maces & Flails
 - Level 3.2 Dodging
 - Level 3.2 Stealth


You had 4 spell levels left.
You didn't know any spells.
Your spell library was empty.

Dungeon Overview and Level Annotations

Branches:
Dungeon (4/12)
 Temple: D:4-7

Altars:
Elyvilon
Ru
Zin

Annotations:
D:3 Sigmund


Message History

You are feeling very hungry.
HP restored.
You butcher the worm corpse.
b - a chunk of flesh Eating a chunk of flesh.
You eat the chunk of flesh.
This raw flesh tastes terrible.
There is a stone staircase leading up here.
You see here 126 bolts.
You see here 137 sling bullets.
Sigmund is too close now for your liking.
Sigmund is nearby!
Sigmund is nearby!
Sigmund shouts!
An orc comes into view. It is wielding a +0 flail.
The orc shouts!
The orc throws a tomahawk.
The tomahawk hits you but does no damage.
The orc throws a tomahawk.
The tomahawk hits you.
The orc throws a tomahawk.
The tomahawk hits you but does no damage.
The orc throws a tomahawk.
The tomahawk completely misses you.
The orc throws a tomahawk.
The tomahawk hits you but does no damage.
You hit the orc. You burn the orc.
The orc is moderately wounded.
The orc hits you but does no damage.
You closely miss the orc.
The orc is moderately wounded.
The orc hits you but does no damage.
You hit the orc but do no damage.
The orc is moderately wounded.
Sigmund hits you from afar with a +0 scythe.
You hit the orc. You burn the orc.
The orc is severely wounded.
The orc hits you but does no damage.
Your shield and chain mail prevent you from hitting the orc.
The orc is severely wounded.
Sigmund hits you but does no damage. The orc hits you but does no damage.
You puncture the orc! You burn the orc.
You kill the orc!
Your Long Blades skill increases to level 4!
Sigmund hits you from afar with a +0 scythe!
Your chain mail prevents you from hitting Sigmund.
Sigmund barely misses you.
You puncture Sigmund! You burn Sigmund.
Sigmund is moderately wounded.
You hit Sigmund. You burn Sigmund.
Sigmund is moderately wounded.
Sigmund hits you with a +0 scythe.
You hit Sigmund but do no damage.
Sigmund is moderately wounded.
Sigmund hits you but does no damage.
You hit Sigmund. You burn Sigmund.
Sigmund is heavily wounded.
You closely miss Sigmund.
Sigmund is heavily wounded.
Sigmund gestures wildly while chanting.
Sigmund flickers and vanishes!
Deactivating autopickup; reactivate with Ctrl-A.
You hit something but do no damage.
You hear some strange, mumbled words.
Something tries to affect you, but you resist.
You miss something. Something hits you.
Your chain mail prevents you from hitting something.
Your chain mail prevents you from hitting something.
You hear some strange, mumbled words.
A magic dart appears from out of thin air!
The magic dart hits you!
Your chain mail prevents you from hitting something.
Something hits you.
You miss something.
Your shield and chain mail prevent you from hitting something.
You block something's attack.
You hit something. You burn something. Something hits you but does no damage.
You hit something. You burn something. You hit something. You burn something.
Something hits you but does no damage.
You miss something.
You hear some strange, mumbled words.
A puff of flame appears from out of thin air!
The puff of flame hits you!
You closely miss something. You block something's attack.
Your shield and chain mail prevent you from hitting something.
Your chain mail prevents you from hitting something.
Something hits you but does no damage.
You hit something. You burn something.
Your chain mail prevents you from hitting something.
Your chain mail prevents you from hitting something.
Something hits you!
* * * LOW HITPOINT WARNING * * *
You barely miss something.
Your chain mail prevents you from hitting something.
You hear some strange, mumbled words.
A puff of flame appears from out of thin air!
The puff of flame hits you!
* * * LOW HITPOINT WARNING * * *
It was a potion of flight.
You feel very buoyant.
You swoop lightly up into the air.
Something hits you but does no damage.
It was a potion of haste.
You feel yourself speed up. Something hits you.
You die...

..[..# #.###..(..#
#.# .....###
#...#..##.## ##.#
##......
#....##..## ##..#
......#
#...#.###.#.###.#.#
.#...... #.# #.#
#.##...##.#
......## .@ #.#
#.###.###.# .....##
## #.# #.# #.# #.#
..#..# #{# #.# #.#
#.# ....## #@# ..#
#.# #.### ..[## #.#
.# #.# #...# ...#
#)# #.# ###.# .....
#.. ..# #.# #####.#
###. ### #.# ##.##
.. ##.## #...### .#
###...# #...... .#
#...#.# ####...#.#
# ####.#...#


There were no monsters in sight!

Vanquished Creatures
  An orc wizard (D:2)
  An adder (D:3)
  An ooze (D:4)
  2 worms (D:3)
  2 dart slugs
  2 leopard geckos (D:2)
  5 orcs
  2 giant cockroaches (D:2)
  15 hobgoblins
  11 jackals
  7 kobolds
  2 quokkas
  A ball python (D:3)
  2 bats (D:3)
  5 frilled lizards
  3 goblins (D:1)
  3 rats
65 creatures vanquished.

Vanquished Creatures (others)
  A hobgoblin (D:1)
1 creature vanquished.

Grand Total: 66 creatures vanquished

Notes
Turn   | Place    | Note
-------+----------+-------------------------------------------
     0 | D:1      | MisterOstroum the Avariel Archaeologist began the quest for
                  | the Orb.
     0 | D:1      | Reached XP level 1. HP: 11/11 MP: 3/3
    25 | D:1      | Reached skill level 1 in Fighting
   358 | D:1      | Reached XP level 2. HP: 15/17 MP: 4/4
  1149 | D:1      | Reached XP level 3. HP: 22/22 MP: 5/5
  1338 | D:2      | Reached skill level 1 in Long Blades
  2408 | D:2      | Found a sacrificial altar of Ru.
  2412 | D:2      | Reached skill level 2 in Long Blades
  2426 | D:2      | Reached XP level 4. HP: 14/28 MP: 6/6
  2591 | D:2      | Reached skill level 3 in Long Blades
  2645 | D:2      | Found a glowing silver altar of Zin.
  2924 | D:3      | Found a white marble altar of Elyvilon.
  3141 | D:3      | Noticed Sigmund
  3754 | D:3      | Reached XP level 5. HP: 31/32 MP: 7/7
  3982 | D:3      | Reached skill level 4 in Long Blades
  4008 | D:3      | HP: 1/32 [something/puff of flame (6)]
  4010 | D:3      | Slain by Sigmund

Skill      XL: |  1  2  3  4  5 |
---------------+----------------+-----
Fighting       | 1 2 3 |  3.6
Long Blades    | 2 3 4 |  4.0
Maces & Flails | |  0.7
Dodging        | |  3.2
Stealth        | |  3.2

Action                   |  1- 3 |  4- 6 || total
-------------------------+-------+-------++-------
Melee: Whip              |   118 |       ||   118
       Falchion          |    78 |       ||    78
       Short sword       |    23 |       ||    23
       Dagger            |       |   166 ||   166
Throw: Stone             |    52 |    38 ||    90
  Use: Potion            |       |     6 ||     6
       Scroll            |       |     6 ||     6
 Stab: Sleeping          |     1 |       ||     1
       Invisible         |       |     1 ||     1
  Eat: Chunk             |     5 |     5 ||    10
Armor: Chain mail        |   151 |   103 ||   254
Dodge: Dodged            |    39 |    25 ||    64
Block: Buckler           |     7 |    18 ||    25
